 Dungeon Crawl Stone Soup version 0.28-a0-1087-gf3fc490d9d (webtiles) character file.

Game seed: 15361928821872079360

35 Zonian the Grave Robber (level 3, 0/24 HPs)
             Began as a Demonspawn Necromancer on Dec 11, 2021.
             Slain by a crimson imp (1 damage)
             ... summoned by Natasha
             ... on level 2 of the Dungeon.
             The game lasted 00:02:31 (2016 turns).

Zonian the Grave Robber (Demonspawn Necromancer)    Turns: 2016, Time: 00:02:32

Health: 0/24       AC:  4    Str:  8    XL:     3   Next: 17%
Magic:  2/6        EV: 12    Int: 18    God:
Gold:   93         SH:  0    Dex: 13    Spells: 5/6 levels left

rFire   . . .      SeeInvis .   c - +0 short sword
rCold   . . .      Faith    .   (no shield)
rNeg    . . .      Spirit   .   a - +0 robe
rPois   .          Reflect  .   (no helmet)
rElec   .          Harm     .   (no cloak)
rCorr   +          Rampage  .   (no gloves)
Will    .....                   (no boots)
Stlth   ++........              (no amulet)
HPRegen 0.08/turn               b - ring of resist corrosion
MPRegen 0.10/turn               (no ring)

@: no status effects
A: icy blue scales 1, powered by death 1
a: no special abilities


You were on level 2 of the Dungeon.
You visited 1 branch of the dungeon, and saw 2 of its levels.

You collected 93 gold pieces.

Inventory:

Hand Weapons
 c - a +0 short sword (weapon)
Missiles
 d - 19 bolts
 h - 4 silver javelins
Armour
 a - a +0 robe (worn)
Jewellery
 b - a ring of resist corrosion (left hand)
Scrolls
 f - a scroll of identify {unknown}
Potions
 e - a potion of resistance {unknown}
 g - 2 potions of heal wounds {unknown}


   Skills:
 + Level 2.2 Dodging
 + Level 2.3 Stealth
 + Level 2.4 Spellcasting
 + Level 4.7 Necromancy


You had 5 spell levels left.
You knew the following spells:

 Your Spells              Type           Power      Damage    Failure   Level
a - Pain                  Necr           76%        1d7       2%          1

Your spell library contained the following spells:

 Spells                   Type           Power      Damage    Failure   Level
 Animate Skeleton         Necr           38%        N/A       2%          1
 Vampiric Draining        Necr           19%        2d7       8%          3
 Animate Dead             Necr           9%         N/A       26%         4
 Agony                    Necr           19%        N/A       56%         5


Dungeon Overview and Level Annotations

Branches:
Dungeon (2/15)

Altars:

Annotations:
D:2 Natasha


Innate Abilities, Weirdness & Mutations

You are partially covered in icy blue scales. (AC +2)
You regenerate a little health from kills.


Message History

Unknown command.
You can't see any susceptible monsters within range! (Use Z to cast anyway.)
You can't see any susceptible monsters within range! (Use Z to cast anyway.)
You can't see any susceptible monsters within range! (Use Z to cast anyway.) Unknown command.
Unknown command.
Natasha barely resists.
Natasha writhes in agony.
Natasha mumbles some strange words.
Natasha writhes in agony.
Natasha mumbles some strange words.
You can't see any susceptible monsters within range! (Use Z to cast anyway.) Unknown command.
Natasha barely misses you. The crimson imp closely misses you.
The crimson imp hits you but does no damage.
Unknown command.
You barely miss Natasha.
Natasha is severely wounded.
Natasha casts a spell at you. The magic dart hits you!
The crimson imp closely misses you. x2
You closely miss Natasha.
Natasha is severely wounded.
Natasha stares at you and mumbles some strange words.
The magic dart hits you. The crimson imp hits you.
* * * LOW HITPOINT WARNING * * *
The crimson imp blinks!
You hit Natasha.
Natasha is severely wounded.
Natasha claws you.
* * * LOW HITPOINT WARNING * * *
The crimson imp hits you.
* * * LOW HITPOINT WARNING * * *
Unknown command.
Casting: Pain (safe; 2% risk of failure)
Confirm with . or Enter, or press ? or * to list all spells.
Aiming: Pain (safe; 2% risk of failure)
Press: ? - help, Shift-Dir - straight line, f/p - Natasha
Aim: Natasha (severely wounded, chance to affect: 78%) Natasha barely resists.
Natasha barely misses you. The crimson imp hits you.
You die...

...........................#+#
..............................
..................#####.).....
...........##.....# #.......
...........##.....# #......#
.......######....## #....#..
..................#####....#..
................
.5.....@5.......
###.....h.......
#.........#### #.........#
#.(.......# #.........#
###########


You could see Natasha and 2 crimson imps.

Vanquished Creatures
  An adder (D:2)
  A bat (D:1)
  3 endoplasms (D:1)
  A giant cockroach (D:1)
  A goblin (D:1)
  2 hobgoblins (D:1)
  4 jackals (D:2)
  A quokka (D:1)
  A ball python (D:1)
  3 kobolds (D:1)
  6 rats (D:1)
24 creatures vanquished.

Vanquished Creatures (others)
  3 plants (D:1)
3 creatures vanquished.

Grand Total: 27 creatures vanquished

Notes
Turn   | Place    | Note
-------+----------+-------------------------------------------
     0 | D:1      | Zonian the Demonspawn Necromancer began the quest for the
                  | Orb.
     0 | D:1      | Reached XP level 1. HP: 13/13 MP: 3/3
   689 | D:1      | Gained mutation: You regenerate a little health from kills.
                  | [demonic ancestry]
   689 | D:1      | Reached XP level 2. HP: 15/19 MP: 0/5
  1273 | D:2      | Gained mutation: You are partially covered in icy blue
                  | scales. (AC +2) [demonic ancestry]
  1273 | D:2      | Reached XP level 3. HP: 15/24 MP: 1/6
  2007 | D:2      | Noticed Natasha
  2015 | D:2      | HP: 1/24 [crimson imp[Natasha] (2)]
  2016 | D:2      | Slain by a crimson imp

Illustrated notes

Levels and vault maps discovered:
D:1:      dpeg_arrival_ratfight, layout_basic, serial_forest,
          infiniplex_forest_lined_room_3, infiniplex_forest_lined_2,
          infiniplex_forest_clump_curved, infiniplex_forest_corner_1,
          infiniplex_forest_clump_cross, infiniplex_forest_lined_3_way,
          minmay_strange_pillars, hangedman_decor_diamond_cutter,
          minmay_indecisive_spiral
D:2:      layout_basic, shapermc_ecumenical_altar_notcrosses,
          kennysheep_generic_room_4, uniq_natasha

Skill      XL: |  1 |
---------------+----+-----
Stealth        | 2 |  2.3
Dodging        | 2 |  2.2
Spellcasting   | |  2.4
Necromancy     | |  4.7

Action                   || total
-------------------------++-------
Melee: Unarmed           ||     1
       Short sword       ||     8
 Cast: Pain              ||    51
Armor: Robe              ||     4
Dodge: Dodged            ||    14

Table legend: (Time is in decaauts)
 A = Elapsed time spent in this place.
 B = Non-inter-level travel time spent in this place.
 C = Inter-level travel time spent in this place.
 D = Time resting spent in this place.
 E = Time spent auto-exploring this place.
 F = Levels seen in this place.
 G = Mean time per level.
                   A        B        C        D        E       F      G
               +--------+--------+--------+--------+--------+-----+--------+
         Total |   2017 |   1994 |     23 |    531 |   1148 |   2 | 1008.5 |
       Dungeon |   2017 |   1994 |     23 |    531 |   1148 |   2 | 1008.5 |
               +--------+--------+--------+--------+--------+-----+--------+

Top non-repeatable levels by time:
     D:1: 1705 daAuts
     D:2: 312 daAuts
